 Dungeon Crawl Stone Soup version 0.30.1-11-g7821555f0a (webtiles) character file.

Game seed: 12479347837496877864

25875 CrazyMind the Reanimator (level 12, -4/84 HPs)
             Began as a Demonspawn Necromancer on Nov 4, 2023.
             Was an Initiate of Gozag.
             Slain by a seven-headed hydra (8 damage)
             ... on level 2 of the Lair of Beasts on Nov 5, 2023.
             The game lasted 01:27:03 (16276 turns).

CrazyMind the Reanimator (Demonspawn Necromancer)  Turns: 16276, Time: 01:27:04

Health: -4/84      AC: 13    Str: 15    XL:     12   Next: 93%
Magic:  15/26      EV: 13    Int: 20    God:    Gozag
Gold:   1974       SH:  4    Dex: 15    Spells: 17/31 levels left

rFire   + + +        y - staff of death
rCold   + . .        (no shield)
rNeg    + + .        k - +3 leather armour {rF+}
rPois   +            n - -2 hat of the Alchemist {rElec rPois rF+ rC+ rN+ Will+ rMut rCorr}
rElec   +            J - +2 cloak {rPois}
rCorr   +            (no gloves)
SInv    +            F - +0 pair of boots
Will    +....        G - amulet "Ylulub" {Acrobat Fragile Str+3 SInv}
Stlth   ++           Y - ring of Red Wine {rPois rF+ Str+3}
HPRegen 0.34/turn    z - +4 ring of protection
MPRegen 0.20/turn

%: acrobat, resist mutation
@: about to teleport
A: hooves 1, large bone plates 1, demonic guardian 1, powered by death 2
a: Renounce Religion, Potion Petition, Call Merchant, Bribe Branch


You were on level 2 of the Lair of Beasts.
You worshipped Gozag.
Gozag was most pleased with you.
You visited 3 branches of the dungeon, and saw 15 of its levels.
You also visited: Sewer and Bailey.

You collected 2675 gold pieces.
You spent 209 gold pieces at shops.
You paid 492 gold pieces to Gozag.

Inventory:

Hand Weapons
 w - a +3 dagger
 x - the +7 long sword of Valiance {speed, rElec rF+ MP+9}
   (You bought it in a shop on level 3 of the Dungeon)

   rF:        It protects you from fire.
   rElec:     It insulates you from electricity.
   MP:        It affects your magic capacity (+9).
 D - a +0 vampiric dagger
 M - a +3 quarterstaff of chaos
Missiles
 h - 6 curare-tipped darts
 E - 22 boomerangs (quivered)
 P - 21 poisoned darts
Armour
 a - a +0 robe
 k - a +3 leather armour of fire resistance (worn)
 n - the -2 hat of the Alchemist (worn) {rElec rPois rF+ rC+ rN+ Will+ rMut rCorr}
   (You acquired it on level 6 of the Dungeon)

   rF:        It protects you from fire.
   rC:        It protects you from cold.
   rElec:     It insulates you from electricity.
   rPois:     It protects you from poison.
   rN:        It protects you from negative energy.
   rCorr:     It protects you from acid and corrosion.
   rMut:      It protects you from mutation.
   Will:      It increases your willpower.
 F - a +0 pair of boots (worn)
 J - a +2 cloak of poison resistance (worn)
Magical Staves
 o - a staff of earth
 y - a staff of death (weapon)
Jewellery
 j - a ring of protection from fire
 m - an amulet of reflection
 z - a +4 ring of protection (right hand)
 A - an amulet of magic regeneration
 B - an amulet of the acrobat
 G - the amulet "Ylulub" (around neck) {Acrobat Fragile Str+3 SInv}
   (You found it on level 5 of the Dungeon)

   [amulet of the acrobat]

   It increases your evasion while moving and waiting.
   Str:       It affects your strength (+3).
   SInv:      It lets you see invisible.
   Fragile:   It will be destroyed if unequipped.
 L - the amulet "Jeacaedgh" {rN+ Regen+ Stlth+}
   (You found it on level 8 of the Dungeon)

   [amulet of regeneration]

   rN:        It protects you from negative energy.
   Regen:     It increases your rate of health regeneration.
   Stlth:     It makes you more stealthy.
 O - a ring of fire
 V - a ring of ice
 Y - the ring of Red Wine (left hand) {rPois rF+ Str+3}
   (You found it on level 1 of the Lair of Beasts)

   [ring of protection from fire]

   Str:       It affects your strength (+3).
   rF:        It protects you from fire.
   rPois:     It protects you from poison.
Wands
 d - a wand of quicksilver (8)
 H - a wand of roots (24)
 N - a wand of flame (19)
 U - a wand of paralysis (6)
Scrolls
 g - 11 scrolls of teleportation
 p - 3 scrolls of fog
 q - 2 scrolls of immolation
 s - a scroll of butterflies
 C - 2 scrolls of enchant weapon
 Q - a scroll of enchant armour
 S - 2 scrolls of blinking
 T - a scroll of silence {unknown}
 W - a scroll of brand weapon {unknown}
 X - a scroll of vulnerability {unknown}
Potions
 b - 5 potions of magic
 c - 3 potions of invisibility
 e - a potion of might
 f - a potion of haste
 i - 6 potions of curing
 l - 2 potions of ambrosia
 r - 2 potions of heal wounds
 t - 6 potions of mutation
 u - 2 potions of resistance
 v - 9 potions of flight
 I - 3 potions of brilliance
 R - 2 potions of lignification


   Skills:
 + Level 4.5 Fighting
 * Level 10.4 Long Blades
 + Level 2.3 Throwing
 * Level 6.1 Armour
 + Level 4.1 Dodging
 + Level 3.9 Stealth
 + Level 2.4 Shields
 + Level 10.0 Spellcasting
 * Level 3.2 Summonings
 * Level 12.7 Necromancy
 + Level 1.4 Evocations


You had 17 spell levels left.
You knew the following spells:

 Your Spells              Type           Power      Damage    Failure   Level
a - Necrotise             Necr           100%       1d9       1%          1
b - Vampiric Draining     Necr           75%        2d11      1%          3
c - Animate Dead          Necr           75%        N/A       1%          4
d - Agony                 Necr           75%        N/A       1%          5
e - Summon Small Mammal   Summ           88%        N/A       2%          1

Your spell library contained the following spells:

 Spells                   Type           Power      Damage    Failure   Level
 Call Canine Familiar     Summ           22%        N/A       7%          3
 Apportation              Tloc           20%        N/A       9%          1
 Static Discharge         Conj/Air       20%        2-3/arc   12%         2
 Summon Guardian Golem    Hex/Summ       16%        N/A       13%         3
 Gell's Gravitas          Tloc           10%        N/A       24%         3
 Teleport Other           Tloc           10%        N/A       24%         3
 Summon Ice Beast         Ice/Summ       16%        N/A       38%         4
 Summon Lightning Spire   Summ/Air       16%        N/A       38%         4
 Airstrike                Air            5%         2d(1-17)  63%         4
 Summon Mana Viper        Hex/Summ       16%        N/A       75%         5
 Alistair's Intoxication  Tmut/Pois      6%         N/A       92%         5
 Dispersal                Tloc           5%         N/A       100%        6
 Monstrous Menagerie      Summ           11%        N/A       100%        7


Dungeon Overview and Level Annotations

Branches:
Dungeon (11/15) Zot: 24850  Temple (1/1) D:7 Zot: 5919    Lair (3/5) D:11 Zot: 14412
 Shoals (0/4) Lair:3       Spider (0/4) Lair:2          Orc (0/2) D:9
  Sewer (visited)          Bailey (visited)

Altars:
Ashenzari
Cheibriados
Dithmenos
Fedhas
Gozag
Hepliaklqana
Kikubaaqudgha
Makhleb
Nemelex Xobeh
Okawaru
Qazlal
Ru
Sif Muna
Trog
Uskayaw
Vehumet
Wu Jian
Xom
Yredelemnul

Shops:
D:3 (   D:7 ?!

Portals:
Trove: D:11 (give 2 scrolls of acquirement)

Annotations:
D:9 Erolcha, Maurice
Lair:1 3 runed translucent doors, exclusion: oklob plant, Puczaoh's ghost, novice OpAr


Innate Abilities, Weirdness & Mutations

You have large cloven feet.
You are partially covered in large bone plates. (SH +4)
A weak demonic guardian rushes to your aid.
You regenerate health from kills.


Message History

Casting: Agony (dangerous; 1% risk of failure)
Confirm with . or Enter, or press ? or * to list all spells.
Aiming: Agony (dangerous; 1% risk of failure)
Press: ? - help, Shift-Dir - straight line, f/p - seven-headed hydra
Aim: a seven-headed hydra (heavily wounded, chance to affect: 93%)
You feel a surge of power!
The seven-headed hydra barely resists.
You block the water moccasin's attack. The seven-headed hydra bites you!
The seven-headed hydra bites you but does no damage.
The seven-headed hydra closely misses you.
The seven-headed hydra bites you but does no damage.
The seven-headed hydra bites you.
The seven-headed hydra closely misses you.
The seven-headed hydra bites you but does no damage.
Your quokka bites the water moccasin.
The water moccasin bites your quokka!
Your quokka dies!
Your quokka's corpse disappears in a puff of smoke!
The water moccasin hisses angrily.
Okay, then.
Unknown command.
As you read the scroll of teleportation, it crumbles to dust.
You feel strangely unstable. The water moccasin closely misses you.
The seven-headed hydra bites you!
* * * LOW HITPOINT WARNING * * *
The seven-headed hydra bites you!
* * * LOW HITPOINT WARNING * * *
A demonic guardian appears!
The seven-headed hydra closely misses you.
The seven-headed hydra bites you but does no damage.
The seven-headed hydra bites you.
* * * LOW HITPOINT WARNING * * *
The seven-headed hydra misses you.
The seven-headed hydra bites you but does no damage.
The seven-headed hydra attacks as you move away!
The seven-headed hydra bites you.
* * * LOW HITPOINT WARNING * * *
The seven-headed hydra bites you!
* * * LOW HITPOINT WARNING * * *
The seven-headed hydra bites you!
You die...
Your body crumbles into a pile of gold.

## ##......#~...# #...
.###..##.###.~≈.#..# #.~≈
.........# #...~#..# #≈..
#####.#### #...~#.!# #~..
# #.## #.~~....# #.~~
#..#####≈...#..# $ #...
#.#.#..#...~#h..# ##~^.
#......##.~DS##.$# ##..~.
######..##..@.##$.
##....# ##...###§.≈###
###~..###
##...#.####4..####...###
##.##..#.#####......###.#
#.##P........########...#
##.##.##.#.(...........##
##.##..####.###.###..P#
##....# ### ### #####
##.###


You could see a seven-headed hydra, a polar bear, a water moccasin (ally target)
and a friendly hellwing (summoned).

Vanquished Creatures
  Fannar (D:10)
  3 hydras (Lair:2)
  A boulder beetle (D:10)
  3 two-headed ogres
  4 black mambas
  6 cane toads
  A torpor snail (Lair:2)
  A gargoyle (D:9)
  An unseen horror (D:10)
  2 komodo dragons (Lair:2)
  2 guardian mummies (D:11)
  2 trolls
  A polar bear (Lair:2)
  A hornet (D:10)
  Grinder (D:6)
  2 dream sheep (Lair:2)
  5 blink frogs (Lair:2)
  A jumping spider (Lair:2)
  6 wyverns
  12 yaks
  A wraith (D:11)
  3 basilisks
  4 vampire mosquitoes (D:11)
  A redback (Lair:2)
  2 acid dragons
  Edmund (D:4)
  11 water moccasins
  Pargi (Sewer)
  15 orc warriors
  A sky beast (D:7)
  4 black bears
  19 wolves
  3 ogres
  4 centaurs
  2 kobold brigands
  5 bullfrogs
  4 scorpions
  7 wights (D:7)
  6 killer bees (D:9)
  A jelly (D:6)
  3 vampire bats (Lair:1)
  3 howler monkeys
  4 electric eels (D:10)
  3 hounds
  7 orc priests
  Crazy Yiuf (D:6)
  3 iguanas
  8 orc wizards
  2 gnolls (Bailey)
  10 adders
  A river rat (D:6)
  2 shadow imps
  A worm (D:3)
  A dart slug (D:3)
  40 orcs
  6 ball pythons
  8 bats
  3 endoplasms
  4 giant cockroaches
  8 goblins
  4 hobgoblins
  25 kobolds
  A quokka (D:3)
  4 frilled lizards
  5 rats
308 creatures vanquished.

Vanquished Creatures (collateral kills)
  2 kobold demonologists (D:9)
  9 yaks
  A kobold brigand (D:10)
  A howler monkey (D:8)
  An orc priest (D:10)
  An orc wizard (D:9)
  A gnoll (Bailey)
  An orc (Bailey)
  4 kobolds
  2 ball pythons
  3 rats (D:6)
26 creatures vanquished.

Vanquished Creatures (others)
  4 yak zombies
  2 howler monkey zombies (D:8)
  9 orc zombies
  An iguana zombie (D:5)
  2 gnoll zombies (Bailey)
  A kobold (D:10)
  A ball python zombie (Sewer)
  A frilled lizard zombie (Sewer)
  10 kobold zombies
31 creatures vanquished.

Grand Total: 365 creatures vanquished

Notes
Turn   | Place    | Note
-------+----------+-------------------------------------------
     0 | D:1      | CrazyMind the Demonspawn Necromancer began the quest for
                  | the Orb.
     0 | D:1      | Reached XP level 1. HP: 13/13 MP: 3/3
   238 | D:1      | Gained mutation: You regenerate a little health from kills.
                  | [demonic ancestry]
   238 | D:1      | Reached XP level 2. HP: 16/19 MP: 0/5
   992 | D:2      | Gained mutation: You are partially covered in large bone
                  | plates. (SH +4) [demonic ancestry]
   992 | D:2      | Reached XP level 3. HP: 24/24 MP: 2/7
  1119 | D:2      | Learned a level 3 spell: Vampiric Draining
  1612 | D:3      | Reached skill level 5 in Necromancy
  1691 | D:3      | Found a faded altar of an unknown god.
  1867 | D:3      | Found Vuiret's Antique Weapon Emporium.
  1872 | D:3      | Bought a crystal long sword for 161 gold pieces
  1872 | D:3      | Identified the +7 long sword of Valiance {speed, rElec rF+
                  | MP+9} (You bought it in a shop on level 3 of the Dungeon)
  2145 | D:3      | Reached XP level 4. HP: 30/30 MP: 8/8
  2357 | D:3      | Reached skill level 6 in Necromancy
  2357 | D:3      | Reached XP level 5. HP: 35/35 MP: 9/9
  2489 | D:4      | Reached skill level 1 in Long Blades
  2830 | D:4      | Noticed Edmund
  2845 | D:4      | Killed Edmund
  2846 | D:4      | Gained mutation: You regenerate health from kills. [demonic
                  | ancestry]
  2846 | D:4      | Reached XP level 6. HP: 25/42 MP: 5/11
  3117 | D:5      | Entered Level 5 of the Dungeon
  3119 | D:5      | Reached skill level 1 in Fighting
  3196 | D:5      | Identified the amulet "Ylulub" {Acrobat Fragile Str+3 SInv}
  3261 | D:5      | Learned a level 4 spell: Animate Dead
  3267 | D:5      | Learned a level 5 spell: Agony
  3316 | D:5      | Reached XP level 7. HP: 48/48 MP: 13/13
  3454 | D:5      | Reached skill level 7 in Necromancy
  3487 | D:5      | Found a burning altar of Makhleb.
  3487 | D:5      | Found an iron altar of Okawaru.
  3487 | D:5      | Found a blossoming altar of Fedhas.
  4537 | D:6      | Identified a scroll of acquirement
  4537 | D:6      | Acquired the -2 hat of the Alchemist {rElec rPois rF+ rC+
                  | rN+ Will+ rMut rCorr}
  4537 | D:6      | Found the -2 hat of the Alchemist {rElec rPois rF+ rC+ rN+
                  | Will+ rMut rCorr}
  4562 | D:6      | Reached skill level 5 in Spellcasting
  4571 | D:6      | Found an ornate altar of the Wu Jian Council.
  4706 | D:6      | Reached XP level 8. HP: 49/54 MP: 16/16
  4720 | D:6      | Found a glowing drain.
  4747 | Sewer    | Entered a sewer
  4796 | Sewer    | Noticed Pargi
  4809 | Sewer    | Killed Pargi
  4810 | Sewer    | Reached skill level 8 in Necromancy
  5041 | D:6      | Noticed Grinder
  5046 | D:6      | Killed Grinder
  5361 | D:6      | Found a runed translucent door.
  5362 | D:6      | Noticed Crazy Yiuf
  5370 | D:6      | Killed Crazy Yiuf
  5400 | D:6      | You fall into a shaft and drop 1 floor!
  5461 | D:7      | Found Jav Xuuw's Distillery.
  5478 | D:7      | Bought a potion of might for 48 gold pieces
  5485 | D:7      | Found a staircase to the Ecumenical Temple.
  5524 | Temple   | Entered the Ecumenical Temple
  6101 | D:7      | Reached skill level 1 in Throwing
  6113 | D:7      | Reached skill level 5 in Long Blades
  6113 | D:7      | Gained mutation: You have large cloven feet. [demonic
                  | ancestry]
  6113 | D:7      | Reached XP level 9. HP: 61/61 MP: 18/18
  6410 | D:7      | Reached skill level 1 in Shields
  6630 | D:7      | Found Jufuett's Magic Scroll Shop.
  6896 | D:8      | Found a hazy altar of Hepliaklqana.
  6911 | D:8      | Found a flagged portal.
  6920 | D:8      | Identified the amulet "Jeacaedgh" {rN+ Regen+ Stlth+}
  6948 | D:8      | Identified the +7 ring mail of Nuotoadd {+Blink rN+ Str+2}
  6965 | Bailey   | Entered a bailey
  7076 | Bailey   | Reached skill level 9 in Necromancy
  8420 | D:9      | Gained mutation: A weak demonic guardian rushes to your
                  | aid. [demonic ancestry]
  8420 | D:9      | Reached XP level 10. HP: 69/69 MP: 21/21
  8513 | D:9      | Noticed a two-headed ogre
  8531 | D:9      | Killed a two-headed ogre
  8532 | D:9      | Reached skill level 1 in Armour
  8532 | D:9      | Reached skill level 10 in Necromancy
  8577 | D:9      | Found a bloodstained altar of Trog.
  8590 | D:9      | Noticed Erolcha
  8836 | D:9      | Noticed Maurice
  8851 | D:9      | Found a snail-covered altar of Cheibriados.
  8966 | D:9      | Noticed a rust devil
  8969 | D:9      | Noticed a soul eater
  9211 | D:9      | Noticed a two-headed ogre
  9230 | D:9      | Killed a two-headed ogre
  9231 | D:9      | Reached skill level 11 in Necromancy
  9309 | D:9      | Found a staircase to the Orcish Mines.
  9653 | D:10     | Entered Level 10 of the Dungeon
  9696 | D:10     | Noticed a gargoyle
  9867 | D:9      | Killed a gargoyle
 10081 | D:10     | Reached XP level 11. HP: 75/75 MP: 23/23
 10462 | D:10     | Found an opulent altar of Gozag.
 10490 | D:10     | Became a worshipper of Gozag Ym Sagoz the Greedy
 11148 | D:11     | Found a portal to a secret trove of treasure.
 11179 | D:11     | Reached skill level 1 in Evocations
 11802 | D:11     | Found a staircase to the Lair.
 11891 | D:11     | Noticed Fannar
 11922 | D:10     | Killed Fannar
 12029 | D:11     | Noticed a two-headed ogre
 12041 | D:11     | Killed a two-headed ogre
 12162 | D:11     | Noticed a boulder beetle
 12309 | D:10     | Killed a boulder beetle
 12563 | Lair:1   | Entered Level 1 of the Lair of Beasts
 12588 | Lair:1   | Found a snail-covered altar of Cheibriados.
 12714 | Lair:1   | Reached skill level 12 in Necromancy
 12855 | Lair:1   | Reached XP level 12. HP: 72/83 MP: 25/25
 13080 | Lair:1   | Noticed a four-headed hydra
 13086 | Lair:1   | Noticed Puczaoh's ghost (novice OpAr)
 13099 | Lair:1   | Found a runed translucent gate.
 13099 | Lair:1   | Found a runed translucent gate.
 13100 | Lair:1   | Found a runed translucent gate.
 13246 | Lair:1   | Identified the ring of Red Wine {rPois rF+ Str+3}
 13644 | Lair:2   | Noticed a six-headed hydra
 13653 | Lair:1   | Reached skill level 5 in Armour
 13750 | Lair:2   | Found a hole to the Spider Nest.
 14080 | Lair:2   | You fall into a shaft and drop 1 floor!
 14208 | Lair:3   | Found a staircase to the Shoals.
 14484 | Lair:2   | Reached skill level 1 in Summonings
 14774 | Lair:2   | Learned a level 1 spell: Summon Small Mammal
 15048 | Lair:2   | Reached skill level 10 in Long Blades
 15098 | Lair:2   | Killed a six-headed hydra
 15765 | Lair:2   | Noticed a five-headed hydra
 15943 | Lair:2   | Killed a five-headed hydra
 16117 | Lair:2   | Reached skill level 10 in Spellcasting
 16123 | Lair:2   | Noticed a four-headed hydra
 16136 | Lair:2   | Killed a four-headed hydra
 16151 | Lair:2   | Noticed a seven-headed hydra
 16276 | Lair:2   | HP: 4/84 [seven-headed hydra (7)]
 16276 | Lair:2   | Slain by a seven-headed hydra

Illustrated notes

Levels and vault maps discovered:
D:1:      pf_arrival_petrified_forest, layout_loops_ring, minmay_tetromino_l2
D:2:      layout_rooms, minmay_misc_feat_hallway
D:3:      layout_basic, serial_shops, shop, ebering_ecumenical_altar_petrified
D:4:      layout_cave_pools, kennysheep_another_room,
          kennysheep_generic_room_11, uniq_edmund
D:5:      layout_basic, gammafunk_temple_overflow_forgotten, grunt_ministairs_7
D:6:      layout_basic, mainiacjoe_overflow_six_doors_small,
          portal_sewer_entry_c, uniq_grinder, uniq_crazy_yiuf_cottage
D:7:      layout_cave_pods, minmay_temple_entry_statues, serial_shops,
          nicolae_shop_waterfront, nicolae_shop_rolled_up
D:8:      layout_loops_corners, mainiacjoe_overflow_brackets, enter_bailey_6,
          grunt_ministairs_6
D:9:      wad_cavern_with_rooms, layout_grid_maze, mainiacjoe_overflow_24_doors,
          mainiacjoe_overflow_boulevard, orc_0_dummy, uniq_maurice, uniq_erolcha
D:10:     erik_rubicon_a, layout_rooms, nicolae_gozag_seed_capital,
          kennysheep_big_empty_room, hangedman_abyss_or_decor_clamps
D:11:     layout_gridville, minmay_lair_entry_grove,
          nicolae_trove_entry_path_of_doom, uniq_fannar
Temple:   nicolae_temple_great_sept
Lair:1:   layout_gridlike, gammafunk_ghost_split, basic_altar, roderic_batcave,
          hangedman_lair_unloving_vines
Lair:2:   layout_loops_ring, spider_nest_entry_a,
          chequers_serial_rivers_small_3, nzn_random_ring
Lair:3:   layout_cave_pods, elwin_shoals_entry_rocks

Skill      XL: |  1  2  3  4  5  6  7  8  9 10 11 12 |
---------------+-------------------------------------+-----
Stealth        | 2 3 |  3.9
Spellcasting   | 3 4 5 6 7 8 9 10 | 10.0
Necromancy     | 5 6 7 8 9 11 12 | 12.7
Long Blades    | 1 3 5 6 7 9 10 | 10.4
Fighting       | 1 2 3 4 |  4.5
Dodging        | 2 3 4 |  4.1
Throwing       | 1 2 |  2.3
Shields        | 1 2 |  2.4
Armour         | 2 4 6 |  6.1
Evocations     | 1 |  1.4
Summonings     | 3 |  3.2

Action                     |  1- 3 |  4- 6 |  7- 9 | 10-12 || total
---------------------------+-------+-------+-------+-------++-------
  Melee: Dagger            |     6 |       |       |       ||     6
         Long sword        |     3 |    36 |   222 |   673 ||   934
         Kick              |       |       |    33 |     6 ||    39
         Punch             |       |       |     2 |     5 ||     7
         Staff             |       |       |       |     1 ||     1
  Throw: Dart              |     1 |     1 |     3 |    10 ||    15
         Boomerang         |       |       |    26 |    38 ||    64
   Cast: Necrotise         |    64 |    51 |    65 |    26 ||   206
         Vampiric Draining |       |     4 |    22 |    86 ||   112
         Animate Dead      |       |       |    13 |     9 ||    22
         Agony             |       |       |       |     9 ||     9
         Summon Small Mamm |       |       |       |     4 ||     4
  Evoke: Wand              |       |       |       |    16 ||    16
    Use: Scroll            |       |       |    16 |    10 ||    26
         Potion            |       |       |     3 |     1 ||     4
   Stab: Sleeping          |     1 |     3 |     5 |     9 ||    18
         Distracted        |       |       |       |     3 ||     3
 Armour: Robe              |     6 |     6 |    14 |       ||    26
         Leather armour    |       |       |     6 |   227 ||   233
  Dodge: Dodged            |    22 |    15 |    77 |   402 ||   516
  Block: Other             |    12 |    15 |    64 |   153 ||   244
         Reflection        |     2 |     1 |     4 |     6 ||    13
